 Dungeon Crawl Stone Soup version 0.21.1-77-g46dbe93 (webtiles) character file.

25 mopl the Caller (level 2, 0/19 HPs)
             Began as a Mummy Summoner on Sept 4, 2018.
             Slain by a leopard gecko (3 damage)
             ... on level 2 of the Dungeon.
             The game lasted 00:01:19 (1411 turns).

mopl the Caller (Mummy Summoner)                    Turns: 1411, Time: 00:01:20

Health: 0/19       AC:  2    Str: 11    XL:     2   Next: 86%
Magic:  1/6        EV: 12    Int: 14    God:
Gold:   11         SH:  0    Dex: 12    Spells: 4/7 levels left

rFire    x . .     SeeInvis .   c - +0 short sword (curse)
rCold    + . .     Gourm    .   (no shield)
rNeg     + + +     Faith    .   a - +0 robe
rPois    ∞         Spirit   .   (no helmet)
rElec    .         Reflect  .   (no cloak)
rCorr    .         Harm     .   (no gloves)
MR       .....                  (no boots)
Stlth    ++........             (no amulet)
HPRegen  0.06/turn              (no ring)
MPRegen  0.10/turn              (no ring)

@: very slightly contaminated
A: no food or potions, fire vulnerability, cold resistance 1, negative energy
resistance 3, torment resistance, unbreathing
a: no special abilities


You were on level 2 of the Dungeon.
You were not hungry.

You visited 1 branch of the dungeon, and saw 2 of its levels.

You collected 11 gold pieces.

Inventory:

Hand Weapons
 c - a cursed +0 short sword (weapon)
Missiles
 d - 44 stones (quivered)
Armour
 a - a +0 robe (worn)
Scrolls
 e - a scroll of remove curse {unknown}
 f - a scroll of identify {unknown}
 g - a scroll of teleportation {unknown}
Books
 b - a book of Callings

   Spells                             Type                      Level
   a - Summon Small Mammal            Summoning                    1
   b - Call Imp                       Summoning                    2
   c - Call Canine Familiar           Summoning                    3
   d - Summon Guardian Golem          Hexes/Summoning              3
   e - Summon Lightning Spire         Summoning/Air                4
   f - Summon Ice Beast               Ice/Summoning                4


   Skills:
 - Level 1.5 Dodging
 - Level 1.5 Stealth
 + Level 3.3 Spellcasting
 * Level 3.8 Summonings


You had 4 spell levels left.
You knew the following spells:

 Your Spells              Type           Power        Failure   Level  Hunger
a - Summon Small Mammal   Summ           ##..         4%          1    N/A
b - Call Imp              Summ           ##......     6%          2    N/A

Dungeon Overview and Level Annotations

Branches:
Dungeon (2/15)

Altars:


Innate Abilities, Weirdness & Mutations

You do not eat or drink.
Your flesh is vulnerable to fire.
You are immune to poison.
Your flesh is cold resistant. (rC+)
You are immune to negative energy. (rN+++)
You are immune to unholy pain and torment.
You can survive without breathing.


Message History

Aim: a leopard gecko (clinging) Attack!
Your shadow imp disappears in a puff of smoke!
Unknown command.
The leopard gecko barely misses you.
Casting: Call Imp
Confirm with . or Enter, or press ? or * to list all spells.
A beastly little devil appears in a puff of flame.
The leopard gecko completely misses you.
Unknown command.
You miss the leopard gecko. The leopard gecko bites you.
* * * LOW HITPOINT WARNING * * *
Your crimson imp barely misses the leopard gecko.
You closely miss the leopard gecko. The leopard gecko closely misses you.
Your crimson imp blinks!
The leopard gecko bites you.
* * * LOW HITPOINT WARNING * * *
You see here a hobgoblin corpse.
The leopard gecko bites you.
You die...

########## #.....†l.#
#.######@# # #....# #
##. ##.#..########.#
#...#..#.......<...#.
..⌠..................+
...#.....#........#.#
. #..####.########
#... #.# #... #.#


You could see a leopard gecko.

Vanquished Creatures
  2 dart slugs (D:1)
  2 leopard geckos (D:1)
  2 goblins (D:1)
  A hobgoblin (D:1)
  5 bats
  A frilled lizard (D:2)
  5 kobolds (D:1)
  2 rats (D:1)
20 creatures vanquished.

Vanquished Creatures (collateral kills)
  A leopard gecko (D:1)
  A hobgoblin (D:2)
2 creatures vanquished.

Grand Total: 22 creatures vanquished

Notes
Turn   | Place    | Note
-------+----------+-------------------------------------------
     0 | D:1      | mopl the Mummy Summoner began the quest for the Orb.
     0 | D:1      | Reached XP level 1. HP: 13/13 MP: 4/4
   258 | D:1      | Reached skill level 3 in Spellcasting
   450 | D:1      | Reached XP level 2. HP: 7/19 MP: 6/6
   732 | D:1      | Learned a level 2 spell: Call Imp
  1411 | D:2      | Slain by a leopard gecko

Skill      XL: |  1 |
---------------+----+-----
Spellcasting   | 3 |  3.3
Dodging        | |  1.5
Stealth        | |  1.5
Summonings     | |  3.8

Action                   || total
-------------------------++-------
Melee: Unarmed           ||    11
       Dagger            ||     9
       Short sword       ||    47
 Cast: Summon Small Mamm ||     1
       Call Imp          ||     2
 Stab: Sleeping          ||     5
Armor: Robe              ||    15
Dodge: Dodged            ||    43
